 Dungeon Crawl Stone Soup version 0.20.1-1-g8b1a95d66d (webtiles) character file.

568 Peloso the Shield-Bearer (level 7, 0/47 HPs)
             Began as a Halfling Fighter on Nov 19, 2017.
             Was an Initiate of Okawaru.
             Slain by Edmund
             ... wielding a +4 flail of crushing
              (2 damage)
             ... on level 4 of the Dungeon.
             The game lasted 00:08:20 (3318 turns).

Peloso the Shield-Bearer (Halfling Fighter)         Turns: 3318, Time: 00:08:21

Health: 0/47       AC:  7    Str: 19    XL:     7   Next: 59%
Magic:  7/7        EV: 10    Int:  6    God:    Okawaru [......]
Gold:   226        SH: 10    Dex: 14    Spells: 6/6 levels left

rFire    . . .     SeeInvis .   i - +0 long sword
rCold    . . .     Gourm    .   c - +0 shield
rNeg     . . .     Faith    +   b - +0 scale mail
rPois    .         Spirit   .   (no helmet)
rElec    .         Reflect  .   (no cloak)
rCorr    +         Harm     .   (no gloves)
MR       .....                  (no boots)
Stlth    ..........             j - amulet of faith
Regen    0.2/turn               t - ring of resist corrosion
MPRegen  0.1/turn               (no ring)

@: no status effects
A: mutation resistance 1
a: Renounce Religion


You were on level 4 of the Dungeon.
You worshipped Okawaru.
Okawaru was noncommittal.
You were hungry.

You visited 1 branch of the dungeon, and saw 4 of its levels.

You collected 226 gold pieces.

Inventory:

Hand Weapons
 g - a +2 mace of crushing
 i - a +0 long sword (weapon)
Armour
 b - a +0 scale mail (worn)
 c - a +0 shield (worn)
Jewellery
 j - an amulet of faith (around neck)
 l - an uncursed amulet of rage
 t - a ring of resist corrosion (left hand)
Scrolls
 a - a scroll of blinking {unknown}
 d - a scroll of enchant armour {unknown}
 n - a scroll of enchant weapon {unknown}
 o - a scroll of magic mapping {unknown}
 r - 2 scrolls of remove curse
 s - 2 scrolls of fear {unknown}
 v - 2 scrolls of teleportation {unknown}
 w - 2 scrolls of identify
Potions
 q - a potion of brilliance
Comestibles
 f - 3 bread rations
 h - 2 royal jellies
 k - 4 meat rations
 m - 4 fruits


   Skills:
 + Level 3.9 Fighting
 + Level 4.9 Long Blades
 + Level 4.6 Armour
 + Level 1.9 Dodging
 + Level 1.0 Stealth
 + Level 4.9 Shields


You had 6 spell levels left.
You didn't know any spells.

Dungeon Overview and Level Annotations

Branches:
Dungeon (4/15)             Temple (0/1) D:4

Altars:
Nemelex Xobeh
Okawaru

Annotations:
D:4 Edmund


Innate Abilities, Weirdness & Mutations

You are small and have problems with some larger weapons.
You are somewhat resistant to further mutation.


Message History

You slash Edmund!
Edmund is heavily wounded.
Edmund hits you with a flail of crushing.
* * * LOW HITPOINT WARNING * * *
x2 Unknown command.
You closely miss Edmund.
Edmund is heavily wounded.
Edmund hits you but does no damage.
Unknown command.
You hit Edmund but do no damage.
Edmund is heavily wounded.
Edmund says, "I might not be good at magic, but I can still kill you!"
You block Edmund's attack.
You barely miss Edmund.
Edmund is heavily wounded.
You block Edmund's attack.
You hit Edmund.
Edmund is severely wounded.
Edmund hits you with a flail of crushing.
You die...

##.#............#.
#..#.#####.####.#.
#............##.#.
####..###'####..##.#. .
#....#8...#..8#......
..##....#...#....#......
........#....#...#......
#....'.#.#.#.##......
#...@##.#.#.#.'.#####
......@.# ..#....#......
........#....#...#......
........#8..#...8#....##
......... ###'###.......
......... .........##
####...#. #..........
#... .. #..........
#..........


You could see Edmund.

Vanquished Creatures
  A sky beast (D:4)
  The ghost of bodvar the Skirmisher, an amateur HOMo (D:4)
  A howler monkey (D:4)
  An orc priest (D:3)
  A bullfrog skeleton (D:4)
  Natasha (twice) (D:2)
  2 worker ants (D:4)
  2 howler monkey skeletons (D:4)
  6 adders
  2 oozes
  6 worms
  3 dart slugs
  9 orcs
  3 ball pythons
  6 giant cockroaches
  11 goblins
  13 hobgoblins
  2 jackals (D:3)
  7 bats
  5 frilled lizards
  6 kobolds
  A leopard gecko skeleton (D:4)
  4 rats
95 creatures vanquished.

Notes
Turn   | Place    | Note
-------+----------+-------------------------------------------
     0 | D:1      | Peloso the Halfling Fighter began the quest for the Orb.
     0 | D:1      | Reached XP level 1. HP: 15/15 MP: 1/1
    72 | D:1      | Reached XP level 2. HP: 13/20 MP: 2/2
   497 | D:1      | Reached XP level 3. HP: 25/26 MP: 3/3
   764 | D:2      | Noticed Natasha
   775 | D:2      | Killed Natasha
   775 | D:2      | Reached XP level 4. HP: 18/31 MP: 4/4
  1374 | D:2      | Reached XP level 5. HP: 24/36 MP: 5/5
  1375 | D:2      | Reached skill level 1 in Dodging
  1742 | D:2      | Noticed Natasha
  1754 | D:2      | Killed Natasha
  2087 | D:3      | Reached XP level 6. HP: 26/42 MP: 6/6
  2772 | D:4      | Found a staircase to the Ecumenical Temple.
  2850 | D:4      | Found an iron altar of Okawaru.
  2854 | D:4      | Became a worshipper of Warmaster Okawaru
  2951 | D:4      | Noticed bodvar's ghost (amateur HOMo)
  2959 | D:4      | Killed bodvar's ghost
  2959 | D:4      | Reached XP level 7. HP: 33/47 MP: 7/7
  3069 | D:4      | Found a sparkling altar of Nemelex Xobeh.
  3231 | D:4      | Reached skill level 1 in Stealth
  3307 | D:4      | Noticed Edmund
  3314 | D:4      | HP: 2/47 [Edmund/flail of crushing (2)]
  3318 | D:4      | Slain by Edmund

Skill      XL: |  1  2  3  4  5  6  7 |
---------------+----------------------+-----
Fighting       | 3 |  3.9
Long Blades    | 3 4 |  4.9
Shields        | 4 |  4.9
Dodging        | 1 |  1.9
Armour         | 4 |  4.6
Stealth        | 1 |  1.0

Action                   |  1- 3 |  4- 6 |  7- 9 || total
-------------------------+-------+-------+-------++-------
Melee: Long sword        |    61 |   200 |    61 ||   322
       Falchion          |     8 |    59 |       ||    67
  Use: Scroll            |     2 |     3 |       ||     5
       Potion            |       |     4 |     3 ||     7
  Eat: Chunk             |       |     7 |     1 ||     8
Armor: Scale mail        |    20 |    88 |    25 ||   133
Dodge: Dodged            |    19 |    82 |    11 ||   112
Block: Shield            |    36 |   132 |    21 ||   189
       Rpst.: Long sword |     6 |    31 |     5 ||    42
       Falchion          |     1 |     7 |       ||     8
